[Event "Early-Titled-Tuesday-Blitz-April-02-2024"]
[Site "Chess.com"]
[Date "2024.04.02"]
[Round "9"]
[White "Vse_po_kaify"]
[Black "CarlosjPineror"]
[Result "1-0"]
[WhiteElo "2528"]
[BlackElo "2679"]
[TimeControl "180+1"]
[EndTime "9:43:47 PDT"]
[Termination "Vse_po_kaify won by resignation"]

1. e4 c5 2. c4 e6 3. Nc3 a6 4. g3 Nf6 5. Bg2 Nc6 6. Nge2 d6 7. O-O Be7 8. d3 Bd7 9. f4 Qc7 10. h3 h5 11. Be3 Rb8 12. a3 b5 13. b3 b4 14.
axb4 Nxb4 15. f5 e5 16. Nd5 Nbxd5 17. exd5 Qb6 18. Nc3 Qxb3 19. Rb1 Qb4 20. Rxb4 cxb4 21. Ne4 Nxe4 22. Bxe4 a5 23. d4 Bf6 24. c5 Bb5 25. Re1 a4 26. dxe5 Bxe5 27. Bd4 O-O 28. Bxe5 dxe5 29. c6 b3 30. c7 Rb6 31. Qc1 Ba6 32. Qc5 Rf6 33. Bd3 Bc8 34. Bb5 Bxf5 35. Bxa4 b2 36.
Bc2 Bxh3 37. d6 Ra8 38. Qxe5 g6 39. Qxf6 1-0

[Event "Early-Titled-Tuesday-Blitz-April-02-2024"]
[Site "Chess.com"]
[Date "2024.04.02"]
[Round "9"]
[White "nikitakhoroshev"]
[Black "WindWhistler11"]
[Result "0-1"]
[WhiteElo "2565"]
[BlackElo "2450"]
[TimeControl "180+1"]
[EndTime "9:43:47 PDT"]
[Termination "WindWhistler11 won by resignation"]

1. e4 e6 2. d3 d5 3. Nd2 Nf6 4. Ngf3 c5 5. g3 g6 6. Bg2 Bg7 7. O-O O-O 8. Re1 Nc6 9. c3 b6 10. Qe2 a5 11. Nf1 Ba6 12. e5 Nd7 13. Bf4 Re8 14.
h4 b5 15. N1h2 b4 16. c4 Nb6 17. b3 Ra7 18. Ng4 h5 19. Bg5 hxg4 20. Bxd8 gxf3 21. Bxb6 fxe2 22. Bxa7 Nxa7 23. Rxe2 Nc6 24. cxd5 Nxe5 25.
Rae1 Nxd3 26. Rd1 Nb2 27. Rxb2 Bxb2 28. d6 Bd4 29. Bc6 Rd8 30. d7 Kf8 31. Kg2 Ke7 32. Kf3 Kd6 0-1

[Event "Early-Titled-Tuesday-Blitz-April-02-2024"]
[Site "Chess.com"]
[Date "2024.04.02"]
[Round "9"]
[White "GMthekingindian"]
[Black "Lucky_Puncher"]
[Result "0-1"]
[WhiteElo "2234"]
[BlackElo "2490"]
[TimeControl "180+1"]
[EndTime "9:43:51 PDT"]
[Termination "Lucky_Puncher won by resignation"]

1. e4 c5 2. c3 d5 3. exd5 Qxd5 4. d4 Nf6 5. Nf3 Bg4 6. Be2 e6 7. h3 Bh5 8. O-O Nc6 9. Be3 cxd4 10. Nxd4 Bxe2 11.
Qxe2 Be7 12. Rd1 O-O 13. Nb5 Qf5 14. Nd2 Nd5 15. Nd4 Nxd4 16. Bxd4 Nf4 17. Qf3 e5 18. Be3 Qc2 19. Bxf4 exf4 20. Nc4 Rac8 21. Rd2 Qf5 22. Nd6 Bxd6 23. Rxd6 Rc7 24. Rad1 Qb5 25. b3 Qe5 26. c4 Re8 27. R6d4 Qa5 28. Qxf4 Rce7 29. g3 Qxa2 30. Rd8 Qxb3 31. Qb8 Qxd1+ 32. Rxd1 Rxb8 0-1

[Event "Early-Titled-Tuesday-Blitz-April-02-2024"]
[Site "Chess.com"]
[Date "2024.04.02"]
[Round "9"]
[White "Bykov_Egor"]
[Black "colegiodemadrid"]
[Result "0-1"]
[WhiteElo "2629"]
[BlackElo "2523"]
[TimeControl "180+1"]
[EndTime "9:43:52 PDT"]
[Termination "colegiodemadrid won by resignation"]

1. e4 e5 2. Nf3 Nf6 3. Nc3 Nc6 4. Bb5 Nd4 5. Bc4 Nxf3+ 6. Qxf3 d6 7. h3 Be6 8. d3 Qd7 9. Bg5 Be7 10. O-O h6 11. Bxf6 Bxf6 12. Nd5 Bxd5 13. Bxd5 a5 14. Bxb7 Rb8 15. Bd5 Rxb2 16. Bb3 a4 17. Qd1 O-O 18. Qc1 a3 19. Qd2 Ra8 20. f4 exf4 21. d4 Qe7 22. Rxf4 c5 23. e5 dxe5 24. dxe5 Qxe5 25. Raf1 Rd8 26. Qa5 c4 27. Rxf6 Qxa5 0-1

[Event "Early-Titled-Tuesday-Blitz-April-02-2024"]
[Site "Chess.com"]
[Date "2024.04.02"]
[Round "9"]
[White "Aureliano-Buendia"]
[Black "dealshark"]
[Result "1-0"]
[WhiteElo "2468"]
[BlackElo "2314"]
[TimeControl "180+1"]
[EndTime "9:43:54 PDT"]
[Termination "Aureliano-Buendia won by resignation"]

1. d4 Nf6 2. Nf3 d5 3. Bf4 Bf5 4. e3 e6 5. c4 Bd6 6. Bg3 O-O 7.
Nc3 c5 8. cxd5 Nxd5 9. Nxd5 Bxg3 10. hxg3 Qxd5 11. Be2 Nc6 12. dxc5 Qxc5 13. O-O Rfd8 14.
Qb3 Qe7 15. Rfd1 Rac8 16. Rac1 Be4 17. Qa4 Bd5 18. e4 b5 19. Bxb5 Nb4 20. exd5 Rxc1 21. Rxc1 Nxd5 22. Bf1 h6 23. a3 Qf6 24. Qc2 Rb8 25.
b4 a5 26. b5 Rd8 27. a4 Nb4 28. Qc7 Rd5 29. b6 e5 30. b7 Na6 31. Bxa6 1-0

[Event "Early-Titled-Tuesday-Blitz-April-02-2024"]
[Site "Chess.com"]
[Date "2024.04.02"]
[Round "9"]
[White "KononenkoD"]
[Black "ViratKohl_i"]
[Result "1-0"]
[WhiteElo "2634"]
[BlackElo "2503"]
[TimeControl "180+1"]
[EndTime "9:43:55 PDT"]
[Termination "KononenkoD won by resignation"]

1. d4 g6 2. c4 Bg7 3. Nc3 c5 4.
e3 cxd4 5. exd4 d5 6. cxd5 Nf6 7. Bb5+ Nbd7 8. Nge2 O-O 9. O-O Nb6 10. Nf4 Nbxd5 11.
Qf3 Bg4 12. Qg3 Nc7 13. Ba4 Rc8 14. d5 Na8 15. h3 Bf5 16. Be3 Nb6 17. Bb3 Nc4 18. Bd4 Nd6 19. Rfe1 Re8 20. Rad1 b5 21. Bxa7 b4 22. Nce2 Nfe4 23. Qf3 Bxb2 24. Bd4 Bxd4 25. Nxd4 Rc3 26. Qe2 Nc5 27. Nc6 Qc7 28. Nxe7+ Kf8 29. Qe5 f6 30. Qxf6+ Nf7 31. d6 1-0

[Event "Early-Titled-Tuesday-Blitz-April-02-2024"]
[Site "Chess.com"]
[Date "2024.04.02"]
[Round "9"]
[White "Itay121"]
[Black "GolfBeforeChess"]
[Result "1-0"]
[WhiteElo "2524"]
[BlackElo "2332"]
[TimeControl "180+1"]
[EndTime "9:43:56 PDT"]
[Termination "Itay121 won by resignation"]

1. e4 Nf6 2. e5 Nd5 3. Nc3 e6 4. Nxd5 exd5 5. d4 d6 6. Nf3 c5 7. c3 Nc6 8. Bd3 Bg4 9. O-O Bxf3 10. Qxf3 dxe5 11. dxe5 Be7 12. e6 fxe6 13. Re1 Qd6 14. Bf4 e5 15. Qh5+ g6 16. Bxe5 Nxe5 17. Qxe5 Qxe5 18. Rxe5 Kf7 19. Rxd5 Rad8 20. Bc4 Rxd5 21. Bxd5+ Kf6 22. Re1 Rd8 23. Re6+ Kf5 24. Rxe7 Rxd5 25.
g3 b6 26. Rxh7 Rd2 27. Rxa7 Rxb2 28. Kg2 Ke4 29. h4 Kd3 30. Ra3 Rc2 31. g4 Rxc3 32.
Rxc3+ Kxc3 33. h5 gxh5 34. gxh5 Kd2 35. h6 c4 36. h7 c3 37. h8=Q c2 38. Qd4+ Ke1 39.
Qe3+ Kd1 40. Qd3+ Kc1 41. f4 1-0

[Event "Early-Titled-Tuesday-Blitz-April-02-2024"]
[Site "Chess.com"]
[Date "2024.04.02"]
[Round "9"]
[White "Zavgorodniy_Sergiy"]
[Black "bazar-wokzal"]
[Result "1-0"]
[WhiteElo "2654"]
[BlackElo "2555"]
[TimeControl "180+1"]
[EndTime "9:43:57 PDT"]
[Termination "Zavgorodniy_Sergiy won by resignation"]

1. d4 Nf6 2. Nf3 e6 3. c4 Nc6 4. g3 Bb4+ 5. Nbd2 d6 6. Bg2 a5 7. O-O e5 8. a3 Bxd2 9. Qxd2 Bg4 10. d5 Bxf3 11. exf3 Nd4 12. Qd3 a4 13. Be3 Nb3 14. Rad1 O-O 15. f4 exf4 16. Bxf4 Nd7 17. Rfe1 Qf6 18. Re2 Ndc5 19. Qb1 Rfe8 20. Rde1 Rxe2 21. Rxe2 g6 22. h4 Nd4 23. Re1 Qf5 24. Qd1 Qd3 25.
Bd2 h5 26. Re3 Qf5 27. Bc3 Ndb3 28. Qe2 Kf8 29. Kh2 Nd7 30. Bh3 1-0

[Event "Early-Titled-Tuesday-Blitz-April-02-2024"]
[Site "Chess.com"]
[Date "2024.04.02"]
[Round "9"]
[White "Maxfan2008"]
[Black "PavelChernomordik"]
[Result "1-0"]
[WhiteElo "2585"]
[BlackElo "2433"]
[TimeControl "180+1"]
[EndTime "9:43:59 PDT"]
[Termination "Maxfan2008 won by resignation"]

1. d4 g6 2. c4 Bg7 3. Nf3 d6 4.
g3 Nf6 5. Bg2 O-O 6. O-O c6 7. Nc3 a6 8. e4 Nfd7 9. Be3 b5 10. Qe2 bxc4 11. Qxc4 a5 12. Rfd1 Ba6 13. Qb3 Nb6 14. Rac1 N8d7 15. Na4 Bb5 16. Nxb6 Nxb6 17. d5 a4 18. Qb4 Rb8 19. dxc6 Qc7 20. Qxb5 e6 21. e5 Nd5 22. exd6 Qxd6 23. Bf4 Rxb5 24.
Bxd6 Rc8 25. Be5 Bh6 26. Rc4 Nb6 27. Rcd4 Nd5 28. Bf1 Rc5 29. c7 f6 30. Ba6 fxe5 31. Bxc8 Nxc7 32. Rd8+ Kf7 33. R8d7+ Kf6 34. Rxh7 Bf8 35.
Rdd7 1-0

[Event "Early-Titled-Tuesday-Blitz-April-02-2024"]
[Site "Chess.com"]
[Date "2024.04.02"]
[Round "9"]
[White "BashirliSaadat"]
[Black "ladytitan"]
[Result "1-0"]
[WhiteElo "2355"]
[BlackElo "2183"]
[TimeControl "180+1"]
[EndTime "9:44:03 PDT"]
[Termination "BashirliSaadat won by resignation"]

1. d4 d5 2. e3 Nf6 3. Bd3 c6 4. f4 g6 5. Nf3 Bf5 6. O-O Bg7 7. Nbd2 O-O 8. Ne5 Nbd7 9. Ndf3 Ne4 10. g4 Be6 11.
Bxe4 dxe4 12. Nd2 Nxe5 13. dxe5 Qc8 14. h3 h5 15. f5 gxf5 16. gxh5 Bxe5 17. Kh1 Kh8 18. Qe2 Rg8 19. Qf2 Rg3 20. Qh2 f6 21. Nb3 f4 22. exf4 Rxh3 23. fxe5 Rxh2+ 24. Kxh2 Qc7 25. Bf4 fxe5 26. Bg3 Rg8 27. Nc5 Bd5 28. Rf5 Qb6 29.
Nd7 Qxb2 30. Bxe5+ 1-0

[Event "Early-Titled-Tuesday-Blitz-April-02-2024"]
[Site "Chess.com"]
[Date "2024.04.02"]
[Round "9"]
[White "ChessFighter_2011"]
[Black "AlexeiShirov"]
[Result "1-0"]
[WhiteElo "2922"]
[BlackElo "2819"]
[TimeControl "180+1"]
[EndTime "9:44:04 PDT"]
[Termination "ChessFighter_2011 won by checkmate"]

1. e4 e5 2. Nf3 Nc6 3. Bb5 a6 4. Ba4 Nf6 5. O-O b5 6. Bb3 Bc5 7. d3 d6 8. a4 Rb8 9. axb5 axb5 10. Nc3 Bg4 11. Be3 Nd4 12. Bxd4 Bxd4 13. h3 Bxf3 14.
Qxf3 O-O 15. Ra6 Bxc3 16. bxc3 Ra8 17. Rfa1 Rxa6 18. Rxa6 Qc8 19. Ra2 c5 20. Bd5 Nxd5 21. exd5 Qb7 22. g3 Ra8 23. Rxa8+ Qxa8 24. Qf5 Qd8 25.
Qe4 g6 26. c4 b4 27. f4 exf4 28. Qxf4 Kg7 29. d4 Qb6 30. dxc5 Qxc5+ 31. Kf1 h6 32. h4 h5 33. Ke2 Kf8 34. Kd3 Qc7 35. Qf6 Qe7 36. Qh8# 1-0

[Event "Early-Titled-Tuesday-Blitz-April-02-2024"]
[Site "Chess.com"]
[Date "2024.04.02"]
[Round "9"]
[White "edgarhay012"]
[Black "Aisen1011"]
[Result "1-0"]
[WhiteElo "2623"]
[BlackElo "2499"]
[TimeControl "180+1"]
[EndTime "9:44:05 PDT"]
[Termination "edgarhay012 won by resignation"]

1. e4 d5 2. exd5 Qxd5 3. Nc3 Qe5+ 4. Nge2 Nf6 5. d4 Qa5 6. Bd2 Bf5 7. Ng3 Bg6 8. Bc4 c6 9. O-O e6 10. Re1 Be7 11.
Nd5 Qd8 12. Nxe7 Qxe7 13. c3 O-O 14. Qf3 h6 15. Rad1 Nbd7 16. Bb3 Rfd8 17. Bf4 Nb6 18.
h3 a5 19. a3 a4 20. Ba2 Bc2 21. Rd2 Bb3 22. Bb1 Bd5 23. Qd3 Nc4 24. Rde2 Nd6 25. Be5 Bc4 26. Bxd6 Bxd3 27. Bxe7 Bxe2 28. Bxd8 Rxd8 29.
Rxe2 c5 30. Rd2 b6 31. Bc2 b5 32. Kf1 c4 33. Ne4 Nd5 34. Nc5 Kf8 35. Be4 Nf6 36. Bc6 e5 37. Bxb5 exd4 38. Rxd4 Rb8 39. Bxc4 Rxb2 40.
Nd7+ Ke7 41. Nxf6 Kxf6 42. Rd7 1-0

[Event "Early-Titled-Tuesday-Blitz-April-02-2024"]
[Site "Chess.com"]
[Date "2024.04.02"]
[Round "9"]
[White "NastyaHn"]
[Black "Shuvalov"]
[Result "0-1"]
[WhiteElo "2455"]
[BlackElo "2597"]
[TimeControl "180+1"]
[EndTime "9:44:05 PDT"]
[Termination "Shuvalov won by resignation"]

1. Nc3 e6 2. d4 Nf6 3. Bf4 a6 4. Nf3 b5 5. a4 b4 6. Nb1 Bb7 7.
Nbd2 c5 8. e3 Nc6 9. Be2 Be7 10.
O-O O-O 11. Nb3 cxd4 12. exd4 Na5 13. Nc5 Qb6 14. Nxb7 Qxb7 15. Bd3 Rfc8 16. b3 Nd5 17.
Bd2 h6 18. Qe1 f5 19. Ne5 Nc6 20. Nxc6 Qxc6 21. a5 Bf6 22. Bxb4 Bxd4 23. Ra4 Nf4 24. Be4 fxe4 25. Bd2 e3 0-1

[Event "Early-Titled-Tuesday-Blitz-April-02-2024"]
[Site "Chess.com"]
[Date "2024.04.02"]
[Round "9"]
[White "Alblooshi_Hamad"]
[Black "rachidhuilda"]
[Result "0-1"]
[WhiteElo "2150"]
[BlackElo "2306"]
[TimeControl "180+1"]
[EndTime "9:44:05 PDT"]
[Termination "rachidhuilda won by resignation"]

1. d4 Nf6 2. c4 c5 3. d5 b5 4. cxb5 a6 5. bxa6 g6 6. Nc3 Bg7 7. e4 O-O 8. a7 Rxa7 9. Bd3 e6 10. dxe6 fxe6 11. Nf3 d5 12. exd5 exd5 13. O-O Bg4 14.
Be2 d4 15. Nb5 Rb7 16. a4 Nc6 17. h3 Be6 18. Bf4 Nd5 19. Bg3 Nf4 20. Bxf4 Rxf4 21.
b3 Bd5 22. Qd3 Nb4 23. Qd2 Bh6 24. Rac1 Qf8 25. Bc4 Bxc4 26. bxc4 Rxf3 27. Qxh6 Qxh6 28. gxf3 Qg5+ 29. Kh2 Qf4+ 30. Kg2 Nd3 31. Rb1 Ne5 32. Rb3 d3 33. Nd4 Rxb3 34. Nxb3 Qxf3+ 35. Kh2 Qe2 36. Ra1 Qxf2+ 37. Kh1 Nf3 0-1

[Event "Early-Titled-Tuesday-Blitz-April-02-2024"]
[Site "Chess.com"]
[Date "2024.04.02"]
[Round "9"]
[White "C_K_G"]
[Black "SteinerPro12"]
[Result "0-1"]
[WhiteElo "2261"]
[BlackElo "2181"]
[TimeControl "180+1"]
[EndTime "9:44:05 PDT"]
[Termination "SteinerPro12 won by resignation"]

1. e4 c6 2. Nf3 d5 3. Nc3 dxe4 4. Nxe4 Nf6 5. Ng3 h5 6. h4 Bg4 7. Bc4 e6 8. c3 Nbd7 9. d4 Bd6 10. O-O Qc7 11.
Kh2 O-O-O 12. Re1 Nd5 13. Be2 f6 14. c4 Nf4 15. c5 Bf8 16. Qa4 g5 17. Qxa7 Nxe2 18.
Rxe2 Bxf3 19. gxf3 gxh4 20. Rxe6 hxg3+ 21. fxg3 h4 22. Bf4 hxg3+ 23. Kxg3 Rg8+ 24. Kf2 Qxf4 25. Rae1 Qd2+ 26. R1e2 Qxd4+ 27. R2e3 Bxc5 28. Rxc6+ bxc6 29. Qa6+ Kc7 0-1

[Event "Early-Titled-Tuesday-Blitz-April-02-2024"]
[Site "Chess.com"]
[Date "2024.04.02"]
[Round "9"]
[White "Kildepiotr"]
[Black "KubaGepard"]
[Result "0-1"]
[WhiteElo "2735"]
[BlackElo "2599"]
[TimeControl "180+1"]
[EndTime "9:44:07 PDT"]
[Termination "KubaGepard won by resignation"]

1. Nf3 d5 2. g3 Nc6 3. Bg2 e5 4. d3 Be6 5. O-O f6 6. e4 Nge7 7. Nc3 Qd7 8. Nh4 d4 9. Ne2 g5 10. Nf5 Nxf5 11. exf5 Bxf5 12. f4 gxf4 13. gxf4 O-O-O 14. Ng3 Bh3 15. f5 Bxg2 16. Kxg2 h5 17. Qf3 Bh6 18.
Kh1 Bxc1 19. Raxc1 Ne7 20. Ne4 Nd5 21. Rg1 Nf4 22. Nc5 Qd5 23. Qxd5 Rxd5 24. Ne6 Nxe6 25. fxe6 Rd6 26. Rcf1 Rxe6 27. Rg6 Rhe8 28. Rh6 e4 29.
dxe4 Rxe4 30. Rf2 Re1+ 31. Kg2 Rg8+ 32. Kf3 Re3+ 33. Kf4 Rh3 34. Rxf6 d3 35. cxd3 Rxd3 36. Rf5 h4 37. Ke4 Rgd8 38. R5f4 R3d4+ 39. Ke3 Rd3+ 40.
Ke4 R8d4+ 41. Ke5 Rxf4 42. Kxf4 h3 43. Ke4 Rd1 44. Kf3 Rg1 45. Ke3 b6 46. b4 Kb7 47.
Kd3 Rg2 48. Ke3 Rxf2 49. Kxf2 c5 50. bxc5 bxc5 0-1

[Event "Early-Titled-Tuesday-Blitz-April-02-2024"]
[Site "Chess.com"]
[Date "2024.04.02"]
[Round "9"]
[White "FREDERICKtheMATE"]
[Black "VanRommel28"]
[Result "0-1"]
[WhiteElo "2682"]
[BlackElo "2529"]
[TimeControl "180+1"]
[EndTime "9:44:07 PDT"]
[Termination "VanRommel28 won by resignation"]

1. d4 g6 2. Nf3 d6 3. e4 Bg7 4.
c4 Bg4 5. Be2 Nc6 6. Be3 e5 7.
d5 Bxf3 8. Bxf3 Nd4 9. Nc3 c5 10.
dxc6 bxc6 11. h4 h5 12. Be2 Qb6 13. Qd2 Nf6 14. f3 Nc2+ 15. Qxc2 Qxe3 16. Qd3 Qxd3 17.
Bxd3 Rb8 18. O-O-O Ke7 19. Kb1 Nd7 20. Be2 Nc5 21. b3 Bh6 22. Bd3 Be3 23. Bc2 a5 24. Ne2 Rb7 25. Kb2 Rhb8 26. Kc3 Ne6 27. Kd3 Bc5 28. Rb1 Bf2 29. Rbf1 Bc5 30. Rb1 f5 31. Kd2 Kf6 32. Rhf1 Rg7 33. Ng3 f4 34. Ne2 g5 35. g3 gxh4 36. gxh4 Rg2 37. Kd3 Rbg8 38.
Rh1 Bb4 39. Bd1 Rf2 40. Rh3 Rgg2 41. Rc1 Nd4 0-1

[Event "Early-Titled-Tuesday-Blitz-April-02-2024"]
[Site "Chess.com"]
[Date "2024.04.02"]
[Round "9"]
[White "joselito22"]
[Black "fmcabralis"]
[Result "1/2-1/2"]
[WhiteElo "2294"]
[BlackElo "2407"]
[TimeControl "180+1"]
[EndTime "9:44:08 PDT"]
[Termination "Game drawn by repetition"]

1. d4 d5 2. Nf3 Nf6 3. e3 e6 4. Bd3 Bd6 5. c3 O-O 6. Ne5 c5 7. f4 Ne4 8. O-O f6 9. Nf3 Nc6 10. Nbd2 f5 11. Ne5 Nxe5 12. fxe5 Be7 13. Nxe4 fxe4 14.
Be2 Bd7 15. Bd2 Qb6 16. Qb3 c4 17. Qxb6 axb6 18. Rxf8+ Rxf8 19. Rf1 Ra8 20. a3 b5 21. Bd1 Rf8 22. Rxf8+ Kxf8 23. Be1 Bg5 24. Bf2 Kf7 25.
Kf1 Kg6 26. g3 h5 27. h4 Bh6 28.
Kg2 Be8 29. Be2 Kf5 30. Bd1 g5 31. Kh3 gxh4 32. gxh4 Kg6 33. Be2 Kg7 34. Bg1 Bg6 35. Kg3 Kh7 36. Bf2 Bg7 37. Bg1 Bh6 38. Bf2 Bf8 39.
Bg1 Bh6 1/2-1/2

[Event "Early-Titled-Tuesday-Blitz-April-02-2024"]
[Site "Chess.com"]
[Date "2024.04.02"]
[Round "9"]
[White "dodorox"]
[Black "UK_23"]
[Result "0-1"]
[WhiteElo "2179"]
[BlackElo "2388"]
[TimeControl "180+1"]
[EndTime "9:44:11 PDT"]
[Termination "UK_23 won on time"]

1. d4 Nf6 2. c4 g6 3. Nc3 Bg7 4. e4 O-O 5. Nf3 d6 6. h3 Nbd7 7. Bg5 h6 8. Be3 e5 9. d5 Kh7 10. g4 a5 11. Be2 Qe7 12. Rg1 Ng8 13.
h4 Nc5 14. h5 g5 15. Nd2 Bd7 16. b3 Nf6 17. Qc2 Ne8 18. a3 c6 19. f3 Nc7 20.
Kf2 cxd5 21. cxd5 Rfc8 22. b4 N5a6 23. Qb3 Kg8 24. Nc4 Rf8 25. Nb6 Rab8 26. Rgd1 Na8 27. Nc4 axb4 28. axb4 Rfc8 29. Rdc1 Bf8 30. Nb6 Nxb6 31.
Bxb6 Qe8 32. Bxa6 bxa6 33. Rxa6 Bb5 0-1

[Event "Early-Titled-Tuesday-Blitz-April-02-2024"]
[Site "Chess.com"]
[Date "2024.04.02"]
[Round "9"]
[White "NigiriSushies"]
[Black "Licancabur"]
[Result "0-1"]
[WhiteElo "2304"]
[BlackElo "2475"]
[TimeControl "180+1"]
[EndTime "9:44:15 PDT"]
[Termination "Licancabur won by checkmate"]

1. c4 e5 2. g3 Nc6 3. Bg2 f5 4. e3 Nf6 5. Ne2 d5 6. cxd5 Nxd5 7. Nbc3 Ndb4 8. O-O Nd3 9. a3 Be6 10. e4 f4 11. Nd5 Bc5 12. Qc2 Bxf2+ 13. Rxf2 Nxf2 14. Kxf2 O-O 15. gxf4 exf4 16. Bf3 Qh4+ 17. Kg1 Bh3 18. Qd1 Ne5 19. Bg2 Bxg2 20. Kxg2 f3+ 21. Kf1 Qh3+ 22. Ke1 f2# 0-1

[Event "Early-Titled-Tuesday-Blitz-April-02-2024"]
[Site "Chess.com"]
[Date "2024.04.02"]
[Round "9"]
[White "HanSchut"]
[Black "Massakru"]
[Result "0-1"]
[WhiteElo "2257"]
[BlackElo "2386"]
[TimeControl "180+1"]
[EndTime "9:44:17 PDT"]
[Termination "Massakru won by resignation"]

1. e4 e5 2. Nf3 Nc6 3. Bc4 Nf6 4. d4 exd4 5. e5 d5 6. Bb5 Ne4 7. Nxd4 Bd7 8. Bxc6 bxc6 9. O-O Bc5 10. f3 Ng5 11. Be3 O-O 12. f4 Ne4 13. Nd2 Nxd2 14. Qxd2 Bb6 15.
Nb3 f6 16. Qc3 fxe5 17. fxe5 Qh4 18. Bc5 h6 19. Kh1 Rxf1+ 20. Rxf1 Qc4 21. Qf3 Bxc5 22.
Nxc5 Bg4 23. Qf7+ Kh8 24. Nd3 Be2 25. Rf2 Qxc2 26. Ne1 Qd1 27. h3 Qxe1+ 28. Kh2 Bh5 29. Qf4 Re8 30. g4 Bg6 31. e6 Qxe6 0-1

[Event "Early-Titled-Tuesday-Blitz-April-02-2024"]
[Site "Chess.com"]
[Date "2024.04.02"]
[Round "9"]
[White "ChessQueen"]
[Black "Ginger_GM"]
[Result "1-0"]
[WhiteElo "2730"]
[BlackElo "2638"]
[TimeControl "180+1"]
[EndTime "9:44:19 PDT"]
[Termination "ChessQueen won on time"]

1. e4 c5 2. d4 cxd4 3. Qxd4 Nc6 4. Qd3 Nf6 5. Nc3 e6 6. Bf4 Bb4 7. O-O-O Qa5 8. Nge2 O-O 9. a3 d5 10. exd5 exd5 11. Nxd5 Nxd5 12. Qxd5 Bc5 13. Qf3 Be6 14. Bd2 Qb6 15. Bc3 Bxf2 16. Nf4 Ba2 17. b3 Rac8 18. Nd5 Qc5 19. Kb2 Nd4 20. Qxf2 Bxb3 21. Qxd4 1-0

[Event "Early-Titled-Tuesday-Blitz-April-02-2024"]
[Site "Chess.com"]
[Date "2024.04.02"]
[Round "9"]
[White "ChempionBg"]
[Black "LeoLV10"]
[Result "0-1"]
[WhiteElo "2307"]
[BlackElo "2511"]
[TimeControl "180+1"]
[EndTime "9:44:19 PDT"]
[Termination "LeoLV10 won by checkmate"]

1. d4 Nf6 2. c4 e6 3. Nf3 c5 4. d5 exd5 5. cxd5 d6 6. Nc3 g6 7. a4 Bg7 8. e4 O-O 9. Be2 Re8 10. Nd2 Na6 11. O-O Nb4 12. h3 a6 13.
f4 Rb8 14. a5 Bd7 15. Nc4 Bb5 16. Nxb5 axb5 17. Nxd6 Qxd6 18. e5 Qd7 19. exf6 Bxf6 20. Bf3 Bd4+ 21. Kh1 Nxd5 22. f5 Ne3 23. Bxe3 Rxe3 24.
fxg6 hxg6 25. a6 bxa6 26. Rxa6 Kg7 27. Qa1 Rh8 28. Kh2 Qc7+ 29. Kh1 Qg3 30. Bg4 Qxg4 31. Rxf7+ Kh6 32. hxg4 Kg5+ 33. Kg1 Re1# 0-1

[Event "Early-Titled-Tuesday-Blitz-April-02-2024"]
[Site "Chess.com"]
[Date "2024.04.02"]
[Round "9"]
[White "MIss_MIaMI"]
[Black "mary-sanna"]
[Result "1-0"]
[WhiteElo "2370"]
[BlackElo "2223"]
[TimeControl "180+1"]
[EndTime "9:44:19 PDT"]
[Termination "MIss_MIaMI won on time"]

1. e4 c5 2. Nf3 Nc6 3. d4 cxd4 4. c3 d5 5. exd5 Qxd5 6. Nxd4 e5 7. Nxc6 Qxd1+ 8. Kxd1 bxc6 9. Bc4 Bc5 10. f3 Ne7 11. Re1 Ng6 12. Nd2 O-O 13. Ne4 Be7 14. g3 Rd8+ 15. Kc2 Bf5 16. g4 Bxe4+ 17. Rxe4 Bd6 18. Bg5 Rd7 19. Rd1 Kf8 20. h4 f6 21. h5 Ne7 22.
Bh4 Rad8 23. Be6 Rb7 24. Ra4 Ke8 25. Bf2 Nd5 26. Bxd5 cxd5 27. Rxd5 Ke7 28. Rxa7 Rxa7 29. Bxa7 Ra8 30. Ra5 1-0

[Event "Early-Titled-Tuesday-Blitz-April-02-2024"]
[Site "Chess.com"]
[Date "2024.04.02"]
[Round "9"]
[White "falzehope0"]
[Black "akanga001"]
[Result "1-0"]
[WhiteElo "2382"]
[BlackElo "2138"]
[TimeControl "180+1"]
[EndTime "9:44:22 PDT"]
[Termination "falzehope0 won by resignation"]

1. d4 d5 2. e3 Nf6 3. Bd3 Bg4 4. Ne2 Bxe2 5. Qxe2 e6 6. Nd2 c6 7. O-O Nbd7 8. f4 Bd6 9. Nf3 Qc7 10. Ne5 O-O 11. Qf3 c5 12. c3 g6 13. Bd2 b6 14. Be1 Rfe8 15. Bh4 Bf8 16. g4 cxd4 17. exd4 Rec8 18.
Rae1 Bg7 19. Bg5 Nf8 20. Bh4 N6d7 21. g5 Nxe5 22. fxe5 a6 23. Bg3 b5 24. a3 Ra7 25.
Re2 Rb7 26. Be1 a5 27. Ref2 Qe7 28. Qg4 Nd7 29. Rxf7 Qxf7 30. Rxf7 Kxf7 31. h4 Nf8 32. h5 b4 33. axb4 axb4 34. hxg6+ hxg6 35. cxb4 Rc1 36. Qf4+ Kg8 37. Qxc1 1-0

[Event "Early-Titled-Tuesday-Blitz-April-02-2024"]
[Site "Chess.com"]
[Date "2024.04.02"]
[Round "9"]
[White "PawnEatingZombie"]
[Black "DonCiao"]
[Result "0-1"]
[WhiteElo "2177"]
[BlackElo "2023"]
[TimeControl "180+1"]
[EndTime "9:44:22 PDT"]
[Termination "DonCiao won on time"]

1. e4 c5 2. c3 Nf6 3. e5 Nd5 4. Nf3 Nc6 5. Bc4 Nb6 6. Bb3 c4 7. Bc2 d6 8. exd6 Qxd6 9. O-O Bg4 10. Re1 O-O-O 11. Qe2 e5 12. Na3 f6 13. Nxc4 Nxc4 14.
Qxc4 Bxf3 15. gxf3 Kb8 16. b4 g6 17. a4 Ne7 18. b5 Qd7 19. d4 exd4 20. Bf4+ Ka8 21.
cxd4 Nd5 22. Bg3 Bb4 23. Red1 f5 24. Be5 Rhe8 25. Bb3 Qe7 26. a5 f4 27. a6 Rc8 28.
axb7+ Kxb7 29. Qd3 Qg5+ 30. Kh1 Nc3 31. Qe4+ Nxe4 32.
Bd5+ Kb6 33. Bxe4 Rxe5 34. dxe5 Qxe5 35. Rdb1 Kxb5 36. Ra2 a5 0-1

[Event "Early-Titled-Tuesday-Blitz-April-02-2024"]
[Site "Chess.com"]
[Date "2024.04.02"]
[Round "9"]
[White "FGHSMN"]
[Black "wadsy27"]
[Result "1-0"]
[WhiteElo "2904"]
[BlackElo "2620"]
[TimeControl "180+1"]
[EndTime "9:44:23 PDT"]
[Termination "FGHSMN won by resignation"]

1. b3 d5 2. Bb2 c6 3. Nf3 Nf6 4. c4 Bg4 5. e3 e6 6. Be2 Nbd7 7.
O-O a5 8. Nc3 Bd6 9. d4 Qe7 10.
h3 Bh5 11. Nd2 Bxe2 12. Qxe2 O-O 13. e4 dxe4 14. Ndxe4 Nxe4 15. Nxe4 a4 16. Rfd1 axb3 17. axb3 f5 18. Nc3 Nf6 19. Re1 Kf7 20. Qd3 Bc7 21.
d5 cxd5 22. cxd5 Rxa1 23. Bxa1 Qd6 24. dxe6+ Ke7 25. Qf3 Ne4 26. Nxe4 fxe4 27. Qxe4 Qh2+ 28. Kf1 Qg3 29. Qb4+ Bd6 30. Qxb7+ Bc7 31. Bd4 Rb8 32. Bc5+ Kf6 33. fxg3 Rxb7 34. e7 1-0

[Event "Early-Titled-Tuesday-Blitz-April-02-2024"]
[Site "Chess.com"]
[Date "2024.04.02"]
[Round "9"]
[White "atalz0"]
[Black "Matrix3x3a"]
[Result "0-1"]
[WhiteElo "2400"]
[BlackElo "2606"]
[TimeControl "180+1"]
[EndTime "9:44:24 PDT"]
[Termination "Matrix3x3a won on time"]

1. d4 Nf6 2. c4 e6 3. Nc3 Bb4 4. Qc2 c5 5. dxc5 Nc6 6. Nf3 Bxc5 7.
Bg5 h6 8. Bh4 b6 9. Rd1 Bb7 10.
e3 O-O 11. Be2 Be7 12. O-O Rc8 13. Rd2 Na5 14. Ne5 d5 15. cxd5 Nxd5 16. Bxe7 Qxe7 17. Nxd5 Bxd5 18. Qa4 Rfd8 19. Rfd1 Qc7 20. f4 f6 21. e4 Ba8 22. Rxd8+ Rxd8 23. Rd7 Rxd7 24. Qxd7 Qc5+ 25. Kf1 fxe5 26. Qe8+ Qf8 27. Qxe6+ Kh8 28. Qxe5 Nc6 29. Qc7 Nd4 30. Bd3 Ne6 31. Qxa7 Qxf4+ 32. Ke2 Nd4+ 33. Kd1 Bxe4 34. Bxe4 Qxe4 35. Qb8+ Kh7 0-1